 Dungeon Crawl Stone Soup version 0.17-a0-1497-g03599f7 (webtiles) character file.

480 Chiseanne the Skirmisher (level 6, 0/53 HPs)
             Began as a Demonspawn Wanderer on July 6, 2015.
             Killed from afar by Eustachio (7 damage)
             ... with a wand of flame
             ... on level 4 of the Dungeon.
             The game lasted 00:10:03 (3760 turns).

Chiseanne the Skirmisher (Demonspawn Wanderer)      Turns: 3760, Time: 00:10:03

Health: 0/53       AC:  8    Str: 14    XL:     6   Next: 86%
Magic:  6/6        EV: 12    Int: 13    God:
Gold:   241        SH:  0    Dex: 13    Spells: 0 memorised, 5 levels left

rFire  . . .     SeeInvis .     c - -2 trident (curse)
rCold  . . .     Clarity  .     b - +2 scale mail
rNeg   . . .     SustAt   .     (no shield)
rPois  .         Gourm    .     (helmet restricted)
rElec  .         Spirit   .     (no cloak)
rCorr  .         Warding  .     (no gloves)
rMut   .         Rnd*Tele +     (no boots)
MR     .....                    (no amulet)
Stlth  ..........               (no ring)
                                q - ring of teleportation (curse)

@: not resistant to hostile enchantments, extremely unstealthy
A: horns 2, repulsion field 1, spiny 1
a: Evoke Teleportation


You were on level 4 of the Dungeon.
You were hungry.

You visited 1 branch of the dungeon, and saw 4 of its levels.

You collected 241 gold pieces.

Inventory:

Hand weapons
 a - a +0 quarterstaff
 c - a cursed -2 trident (weapon)
 h - a +0 vampiric hand axe
 t - a cursed -2 whip
 u - a cursed +0 mace
 y - a +0 war axe
Missiles
 e - 29 poisoned needles
 f - 22 sling bullets
 i - 71 arrows
 l - a throwing net (quivered)
 v - 35 bolts
 w - 5 bolts of flame
Armour
 b - a +2 scale mail (worn)
 g - a +0 large shield
 p - a +0 shield
Jewellery
 q - a cursed ring of teleportation (left hand)
Scrolls
 j - 3 scrolls of teleportation
 k - 2 scrolls of blinking
Potions
 m - a potion of brilliance
 n - a potion of curing {unknown}
 o - a potion of ambrosia {unknown}
 s - a potion of haste {unknown}
Comestibles
 d - 2 bread rations
 x - 7 fruits


   Skills:
 * Level 6.5 Fighting
 - Level 1.0 Axes
 + Level 3.0 Armour
 + Level 3.4 Dodging
 - Level 1.0 Stealth
 - Level 1.0 Shields
 - Level 1.0 Evocations


You had 5 spell levels left.
You didn't know any spells.

Dungeon Overview and Level Annotations

Branches:
Dungeon (4/15)
 Temple: D:4-7

Altars:
Cheibriados
Kikubaaqudgha
Zin

Annotations:
D:4 Eustachio


Innate Abilities, Weirdness & Mutations

You have a pair of horns on your head.
You are surrounded by a mild repulsion field (EV +2).
You are partially covered in sharp spines.


Message History

All of the chunks of flesh in your inventory have rotted away.
The quasit closely misses you.
The quasit claws you but does no damage. x2
The river rat is struck by your spines.
The river rat bites you but does no damage.
You miss Eustachio.
Eustachio is almost dead.
The river rat barely misses you.
Eustachio zaps a wand.
The puff of flame misses you.
The puff of flame hits the iron imp.
The iron imp completely resists.
The quasit misses you.
The quasit claws you but does no damage. x2
The white imp hits you.
* * * LOW HITPOINT WARNING * * *
The white imp freezes you.
* * * LOW HITPOINT WARNING * * *
The river rat closely misses you. The river rat is struck by your spines.
The river rat bites you.
* * * LOW HITPOINT WARNING * * *
Eustachio zaps a wand.
The puff of flame hits you!
You die...

##.#....#######..#.s...#
##......# #...#...#.
......### #....###..
#####...##### ##..#..# . ..#
#...'...# #.#...### #.#
#...###.# #....#..# #.#
#.#.###.####...#...# #.#
#.#<........55....#.#.
..###..........r@5...#...#
###.#..........r@r..........
....#.##........##.....>#...
#.#.#.##.......[........# #.
..#.#.##................#
..#.#.##................#
..#.#...................#
............####........#
#.#.#....#### #....รท...#


You could see Eustachio, an iron imp, a quasit, 2 river rats, a white imp and a
rat.

Vanquished Creatures
  Sigmund (D:4)
  The ghost of hackum the Shield-Bearer, an average OpFi (D:4)
  A hound (D:4)
  Ijyb (D:2)
  Robin (D:2)
  3 gnolls (D:2)
  An adder (D:4)
  An ooze (D:1)
  3 worms
  2 giant geckos (D:1)
  6 bats
  11 hobgoblins
  8 jackals (D:4)
  4 quokkas
  4 giant cockroaches
  5 giant newts
  16 goblins
  5 kobolds
  8 rats
82 creatures vanquished.

Vanquished Creatures (others)
  A giant cockroach (D:4)
1 creature vanquished.

Grand Total: 83 creatures vanquished

Notes
Turn   | Place    | Note
--------------------------------------------------------------
     0 | D:1      | Chiseanne the Demonspawn Wanderer began the quest for the Orb.
     0 | D:1      | Chiseanne set off with: a +2 scale mail, a +0 quarterstaff, a +0 hand axe, a bread ration
     0 | D:1      | Reached XP level 1. HP: 19/19 MP: 1/1
   231 | D:1      | Gained mutation: You have a pair of small horns on your head. [demonic ancestry]
   231 | D:1      | Reached XP level 2. HP: 19/25 MP: 2/2
   826 | D:2      | Gained mutation: You have a pair of horns on your head. [demonic ancestry]
   826 | D:2      | Reached XP level 3. HP: 29/31 MP: 3/3
   867 | D:2      | Noticed Robin
   922 | D:2      | Killed Robin
   929 | D:2      | HP: 1/31 [hobgoblin/club[Robin] (2)]
  1471 | D:2      | Reached XP level 4. HP: 32/38 MP: 4/4
  1479 | D:2      | Reached skill level 5 in Fighting
  1707 | D:2      | Noticed Ijyb
  1708 | D:2      | Found a faded altar to an unknown god.
  1746 | D:2      | Killed Ijyb
  2112 | D:3      | Found an ancient bone altar of Kikubaaqudgha.
  2449 | D:3      | Gained mutation: You are surrounded by a mild repulsion field (EV +2). [demonic ancestry]
  2449 | D:3      | Reached XP level 5. HP: 40/44 MP: 5/5
  2591 | D:3      | Found a snail-covered altar of Cheibriados.
  2591 | D:3      | Found a glowing silver altar of Zin.
  2853 | D:4      | Noticed hackum's ghost (average OpFi)
  3325 | D:4      | Noticed Sigmund
  3521 | D:4      | Killed Sigmund
  3521 | D:4      | Reached skill level 6 in Fighting
  3521 | D:4      | Gained mutation: You are partially covered in sharp spines. [demonic ancestry]
  3521 | D:4      | Reached XP level 6. HP: 40/52 MP: 6/6
  3612 | D:4      | Killed hackum's ghost
  3730 | D:4      | Noticed Eustachio
  3760 | D:4      | Killed from afar by Eustachio

Vault maps used:
D:1:      scummos_arrival_checkerplants
D:2:      ecumenical_altar_1, nrook_mini_vaults, uniq_iyjb, uniq_robin
D:3:      nicolae_overflow_hidden_temple, corexii_item_surrounded_by_moat
D:4:      minmay_splitting_lines, hangedman_decor_lopped, uniq_sigmund,
          uniq_eustachio

Action                   |  1- 3 |  4- 6 || total
-------------------------+-------+-------++-------
Melee: Quarterstaff      |   125 |       ||   125
       Trident           |     9 |   167 ||   176
  Use: Scroll            |     5 |     4 ||     9
       Potion            |     3 |     1 ||     4
  Eat: Chunk             |     1 |     8 ||     9
